 Dungeon Crawl Stone Soup version 0.29.0-11-gd7f09526c8 (webtiles) character file.

Game seed: 16909528684291488526

5638 Strat the Skirmisher (level 10, -8/90 (93) HPs)
             Began as a Minotaur Hunter on Sept 3, 2022.
             Mangled by an orc warrior
             ... wielding a +0 halberd
              (17 damage)
             ... on level 9 of the Dungeon on Sept 4, 2022.
             The game lasted 00:26:06 (10707 turns).

Strat the Skirmisher (Minotaur Hunter)             Turns: 10707, Time: 00:26:06

HP:   -8/90 (93)    AC: 12    Str: 16    XL:     10   Next: 46%
MP:   9/9           EV: 11    Int:  6    God:
Gold: 517           SH:  0    Dex: 18    Spells: 9/9 levels left

rFire   . . .      SeeInvis .   a - +1 shortbow (vorpal)
rCold   . . .      Faith    .   (shield currently unavailable)
rNeg    . . .      Spirit   .   p - +0 chain mail
rPois   +          Reflect  .   (helmet restricted)
rElec   .          Harm     .   (no cloak)
rCorr   .          Rampage  .   (no gloves)
Will    .....                   g - +0 pair of boots
Stlth   ..........              l - amulet of the acrobat
HPRegen 0.25/turn               k - ring of poison resistance
MPRegen 0.11/turn               (no ring)

@: lightly drained
A: horns 2, retaliatory headbutt
a: no special abilities


You were on level 9 of the Dungeon.
You visited 1 branch of the dungeon, and saw 11 of its levels.
You also visited: Bailey.

You collected 517 gold pieces.

Inventory:

Hand Weapons
 a - a +1 vorpal shortbow (weapon)
 b - a +2 whip of electrocution
 o - a +0 spear
 t - a +0 trident
Missiles
 s - 2 throwing nets
 F - 2 boomerangs of dispersal
Armour
 c - a +0 leather armour
 d - a +1 ring mail
 g - a +0 pair of boots (worn)
 p - a +0 chain mail (worn)
 q - +0 acid dragon scales
Jewellery
 h - a ring of resist corrosion
 k - a ring of poison resistance (left hand)
 l - an amulet of the acrobat (around neck)
 x - a ring of ice
 E - a +6 ring of intelligence
 H - a +6 ring of strength
Wands
 f - a wand of iceblast (8)
 y - a wand of flame (15)
 C - a wand of digging (4)
Scrolls
 j - a scroll of immolation
 r - a scroll of poison
 v - 2 scrolls of enchant weapon
 A - 2 scrolls of amnesia
 G - a scroll of silence
 I - a scroll of identify
Potions
 i - a potion of magic
 m - 3 potions of flight
 n - 2 potions of might
 u - 2 potions of mutation
 w - 2 potions of attraction
 z - a potion of lignification
 B - a potion of berserk rage
 D - 2 potions of degeneration


   Skills:
 - Level 10.0 Fighting
 - Level 10.0 Ranged Weapons
 + Level 9.6 Armour
 + Level 8.2 Dodging
 - Level 0.7 Stealth


You had 9 spell levels left.
You didn't know any spells.
Your spell library contained the following spells:

 Spells                   Type           Power      Damage    Failure   Level
 Necrotise                Necr           0%         1d4       99%         1
 Sandblast                Erth           0%         2d4       99%         1
 Passwall                 Tmut/Erth      0%         N/A       100%        2
 Poisonous Vapours        Pois/Air       0%         N/A       100%        2
 Stone Arrow              Conj/Erth      0%         3d7       100%        3
 Vampiric Draining        Necr           0%         2d6       100%        3
 Corpse Rot               Necr/Pois/Air  0%         N/A       100%        4


Dungeon Overview and Level Annotations

Branches:
Dungeon (11/15)            Temple (0/1) D:7             Orc (0/2) D:9
 Bailey (visited)
   Lair: D:8-11

Altars:
Cheibriados
Qazlal
Sif Muna
Trog
Uskayaw

Shops:
D:1 (

Portals:
Ice
Cave: D:11

Annotations:
D:1 1 runed translucent door
D:3 1 runed translucent door, Crazy Yiuf, Terence


Innate Abilities, Weirdness & Mutations

You have a pair of horns on your head.
You reflexively headbutt those who attack you in melee.


Message History

The vampire mosquito barely misses you. The yak gores you.
* * * LOW HITPOINT WARNING * * *
The killer bee stings you but does no damage.
Okay, then.
Fire: a) +1 shortbow (vorpal)
Press: ? - help, Q - select action, (/) - cycle Shift-Dir - straight line, f/p - vampire mosquito
Aim: a vampire mosquito (moderately damaged, 58% to hit)
You shoot an arrow.
The arrow barely misses the vampire mosquito.
The vampire mosquito bites you but does no damage.
The killer bee stings you but does no damage.
The vampire mosquito closely misses you.
You furiously retaliate!
You headbutt the vampire mosquito! The yak gores you.
* * * LOW HITPOINT WARNING * * *
The killer bee stings you but does no damage.
The vampire mosquito barely misses you.
Fire: a) +1 shortbow (vorpal)
Press: ? - help, Q - select action, (/) - cycle Shift-Dir - straight line, f/p - vampire mosquito
Aim: a vampire mosquito (heavily damaged, 58% to hit)
You shoot an arrow. The arrow hits the vampire mosquito!
You destroy the vampire mosquito!
Your surroundings seem slightly different.
The killer bee attacks as you move away!
The killer bee stings you but does no damage.
The killer bee misses you.
The killer bee attacks as you move away!
The killer bee stings you but does no damage.
The killer bee completely misses you. You furiously retaliate!
You headbutt the killer bee. The killer bee completely misses you.
You furiously retaliate!
You headbutt the killer bee!
You kill the killer bee!
There is a stone staircase leading up here.
You climb upwards.
The orc warrior shouts!
The orc shouts! x2
There is a stone staircase leading down here.
The air fills with toxic fumes!
As you read the scroll of poison, it crumbles to dust.
The orc warrior hits you from afar with a +0 halberd!
You die...

....###.))'...#
§§
...)....###.#.#
§§. ....#####
#.#.. #§. ##
#####
#####§######
###
#§§§§§§§§§§#
####..
#§§§§§§§§§§#
#....#
#§§§§§§§§§§#
###'####
#§§§o§@§§§§#
#.......
#§§§§§§§§§§#
+....(.(
#§§§oo§§§§§+
#.......
#§§§§§§§§§§#
#.......
#§§o§§§§§§§#
#.......
#§§§§§§§§§§#
#.......
############
#.......
#....}..
########


You could see an orc warrior and 3 orcs.

Vanquished Creatures
  3 trolls
  Grinder (D:6)
  A ynoxinul (D:8)
  A steam dragon (D:8)
  A vampire mosquito (D:10)
  An acid dragon (D:10)
  2 water moccasins (D:6)
  Duvessa (D:7)
  A black bear (D:6)
  4 orc warriors
  2 ice beasts
  A sky beast (D:7)
  2 ogres
  2 centaurs
  2 kobold brigands
  A scorpion (D:5)
  15 wights
  Dowan (D:7)
  18 killer bees
  3 howler monkeys
  2 jellies (D:6)
  9 hounds
  2 orc priests
  3 gnoll boudas
  4 orc wizards
  19 gnolls
  4 adders
  A shadow imp (D:7)
  2 white imps (D:6)
  3 worms
  3 dart slugs
  26 orcs
  6 endoplasms
  5 giant cockroaches
  15 hobgoblins
  8 quokkas
  9 ball pythons
  9 bats
  5 frilled lizards
  11 goblins
  17 kobolds
  7 rats
233 creatures vanquished.

Vanquished Creatures (others)
  Natasha (D:2)
  7 plants (D:2)
  5 toadstools (D:1)
13 creatures vanquished.

Grand Total: 246 creatures vanquished

Notes
Turn   | Place    | Note
-------+----------+-------------------------------------------
     0 | D:1      | Strat the Minotaur Hunter began the quest for the Orb.
     0 | D:1      | Reached XP level 1. HP: 18/18 MP: 0/0
     1 | D:1      | Found a runed translucent door.
   213 | D:1      | Reached skill level 1 in Armour
   217 | D:1      | Reached XP level 2. HP: 25/25 MP: 1/1
   428 | D:1      | Found Ytebopo's Weapon Shop.
   550 | D:1      | Reached XP level 3. HP: 26/31 MP: 2/2
   622 | D:1      | Found a faded altar of an unknown god.
  1184 | D:2      | Noticed Natasha
  1199 | D:2      | Killed Natasha
  1380 | D:2      | Reached skill level 5 in Ranged Weapons
  1532 | D:2      | Reached XP level 4. HP: 38/38 MP: 3/3
  2132 | D:3      | Noticed Terence
  2428 | D:4      | Reached XP level 5. HP: 42/46 MP: 4/4
  2559 | D:5      | Entered Level 5 of the Dungeon
  2938 | D:3      | Found a hide-covered altar of Uskayaw.
  2972 | D:3      | Found a runed translucent door.
  2973 | D:3      | Noticed Crazy Yiuf
  3112 | D:4      | Reached XP level 6. HP: 34/53 MP: 5/5
  3371 | D:4      | Reached skill level 5 in Fighting
  3664 | D:5      | Noticed a water moccasin
  3910 | D:4      | Reached XP level 7. HP: 60/61 MP: 6/6
  4159 | D:6      | Noticed Grinder
  4176 | D:6      | Killed Grinder
  4348 | D:6      | Found a snail-covered altar of Cheibriados.
  4365 | D:6      | Reached XP level 8. HP: 70/70 MP: 7/7
  4451 | D:6      | Reached skill level 5 in Armour
  6018 | D:7      | Reached skill level 5 in Dodging
  6226 | D:7      | Reached XP level 9. HP: 73/78 MP: 8/8
  6239 | D:7      | Noticed Duvessa
  6254 | D:7      | Killed Duvessa
  6254 | D:7      | Noticed Dowan
  6260 | D:7      | Killed Dowan
  6689 | D:7      | Found a staircase to the Ecumenical Temple.
  7432 | D:8      | Found a stormy altar of Qazlal.
  7615 | D:8      | Found a flagged portal.
  7624 | Bailey   | Entered a bailey
  8304 | D:8      | Reached skill level 10 in Ranged Weapons
  8714 | D:8      | Found a shimmering blue altar of Sif Muna.
  8721 | D:8      | Got Sif Muna's Reference Book on Evil Rituals
  8726 | D:8      | Found a bloodstained altar of Trog.
  8726 | D:8      | Noticed a troll
  8733 | D:8      | Killed a troll
  8852 | D:9      | Found a staircase to the Orcish Mines.
  9154 | D:9      | Noticed a queen bee
  9160 | D:9      | Reached XP level 10. HP: 88/91 MP: 9/9
  9195 | D:10     | Entered Level 10 of the Dungeon
  9495 | D:10     | Identified the +2 robe of Duck's Teeth {rN+ Str-2 Dex+8}
  9906 | D:10     | Reached skill level 10 in Fighting
 10671 | D:11     | Found a frozen archway.
 10707 | D:9      | Mangled by an orc warrior

Illustrated notes

Levels and vault maps discovered:
D:1:      dpeg_arrival_caged_fury, layout_loops_ring, serial_shops, shop,
          chequers_ecumenical_altar_island, minmay_gold_behind_fungi
D:2:      layout_basic, lexackson_kobold_supper, uniq_natasha
D:3:      cheibrodos_greedy_goblins, layout_basic,
          mainiacjoe_overflow_small_starburst, st_stairs_10,
          uniq_crazy_yiuf_cottage, uniq_terence
D:4:      layout_loops_ring
D:5:      layout_gridville
D:6:      layout_basic, cheibriados_altar_1, uniq_grinder
D:7:      layout_loops_ring, minmay_temple_entry_glass, uniq_duvessa
D:8:      layout_basic, nicolae_qazlal_general_emergency,
          nzn_overflow_gifts_of_might_and_magic, enter_bailey_6
D:9:      layout_roguey [special_room_bee], orc_0_dummy
D:10:     layout_loops_ring, dk_rats_in_the_wall
D:11:     layout_basic, lair_entry_dummy, portal_ice_cave_entry_ice_simulacra,
          kennysheep_small_circle

Skill      XL: |  1  2  3  4  5  6  7  8  9 10 |
---------------+-------------------------------+-----
Armour         | 1 2 3 4 6 8 9 |  9.6
Fighting       | 3 4 5 6 7 9 10 | 10.0
Ranged Weapons | 5 7 8 9 10 | 10.0
Dodging        | 3 5 7 8 |  8.2
Stealth        | |  0.7

Action                   |  1- 3 |  4- 6 |  7- 9 | 10-12 || total
-------------------------+-------+-------+-------+-------++-------
Melee: Whip              |       |       |    27 |       ||    27
       Headbutt          |       |       |     5 |       ||     5
       Punch             |       |       |     1 |       ||     1
 Fire: Shortbow          |   101 |   172 |   362 |   110 ||   745
Evoke: Wand              |       |       |     6 |     3 ||     9
  Use: Scroll            |       |    13 |    11 |     4 ||    28
       Potion            |       |     4 |     5 |     2 ||    11
Armor: Ring mail         |    15 |    36 |    59 |    11 ||   121
       Leather armour    |     2 |       |       |       ||     2
       Chain mail        |       |       |       |    35 ||    35
Dodge: Dodged            |    32 |    86 |   204 |    99 ||   421
